Tampa Bay Lightning vs Vancouver Canucks
Created - Saturday, May 20, 2023 at 07:26
Goals
|
| Tampa Bay Lightning |
2 |
3 |
1 |
6 |
| Vancouver Canucks |
1 |
2 |
1 |
4 |
|
Shots
|
| Tampa Bay Lightning |
17 |
14 |
6 |
37 |
| Vancouver Canucks |
11 |
18 |
10 |
39 |
|
1st period
1. Tampa Bay Lightning , Johnny Gaudreau 25 (Kirill Kaprizov 41, Vladislav Gavrikov 15) at 0:35
2. Tampa Bay Lightning , Tomas Hertl 25 (Johnny Gaudreau 31, Darnell Nurse 11) at 6:48
3. Vancouver Canucks , Kasperi Kapanen 11 (Alex Formenton 11, Jesperi Kotkaniemi 12) at 17:16
Penalties :
Gabriel Landeskog (TBL) for Tripping (Minor) at 7:18, Moritz Seider (TBL) for Roughing (Minor) at 10:14
2nd period
4. Tampa Bay Lightning , Roope Hintz 15 (Anze Kopitar 31, Moritz Seider 19) at 3:51 (PP)
5. Tampa Bay Lightning , Tomas Hertl 26 (Johnny Gaudreau 32) at 6:18
6. Tampa Bay Lightning , Johnny Gaudreau 26 (Tomas Hertl 27, Moritz Seider 20) at 12:05
7. Vancouver Canucks , Clayton Keller 20 (Alex Formenton 12, Nikita Zadorov 12) at 17:51
8. Vancouver Canucks , Robby Fabbri 13 (Artturi Lehkonen 11, Anton Lundell 19) at 19:06
Penalties :
Robby Fabbri (VAN) for Hooking (Minor) at 1:56, Josh Brown (TBL) for Roughing (Minor) at 12:47, Noah Hanifin (VAN) for Holding Stick (Minor) at 15:51
3rd period
9. Vancouver Canucks , Kasperi Kapanen 12 (Jesperi Kotkaniemi 13) at 13:09
10. Tampa Bay Lightning , Christian Dvorak 7 (Vladislav Gavrikov 16, Dylan Cozens 15) at 16:06
Penalties :
Artturi Lehkonen (VAN) for Tripping (Minor) at 6:27
Goalie Stats
Darcy Kuemper (TBL), 35 saves from 39 shots - (0.897), W, 17-9-4, 60:00 minutes
Joonas Korpisalo (VAN), 31 saves from 37 shots - (0.838), L, 6-10-6, 60:00 minutes
Players Stats for Tampa Bay Lightning
Player Name G A P +/- PIM S H SB GA TA FO MP PP MP PK MP
------------------------------------------------------------------------------------
Alexander Kerfoot 0 0 0 0 0 0 0 0 0 0 0/1 5:19 0:00 0:00
Anze Kopitar 0 1 1 -3 0 0 1 0 0 0 18/28 21:36 3:12 2:37
Christian Dvorak 1 0 1 0 0 3 2 1 0 1 1/1 15:19 0:00 1:56
Connor Brown 0 0 0 4 0 0 2 0 0 0 0/0 16:24 0:03 1:56
Darnell Nurse 0 1 1 -1 0 3 1 0 2 1 0/0 26:59 4:37 2:40
Dylan Cozens 0 1 1 0 0 2 0 1 1 0 1/2 13:08 0:03 0:00
Gabriel Landeskog 0 0 0 -3 2 4 5 0 2 1 0/0 18:47 3:12 0:00
Hampus Lindholm 0 0 0 0 0 1 1 0 0 0 0/0 12:57 1:16 0:29
Ivan Barbashev 0 0 0 0 0 2 1 0 0 0 0/0 5:48 0:03 0:00
Johnny Gaudreau 2 2 4 4 0 4 1 0 0 0 0/1 15:53 2:38 0:00
Josh Brown 0 0 0 1 2 1 1 0 0 1 0/0 13:39 0:00 1:59
Kirill Kaprizov 0 1 1 -2 0 2 0 1 0 1 1/2 19:02 2:38 1:24
Lars Eller 0 0 0 0 0 1 0 0 0 0 0/1 6:43 0:00 1:24
Moritz Seider 0 2 2 2 2 0 5 1 0 1 0/0 22:51 4:37 0:49
Roope Hintz 1 0 1 -1 0 4 0 0 2 0 10/17 15:52 3:12 0:00
Ryan Graves 0 0 0 1 0 0 1 3 0 0 0/0 21:12 1:16 2:40
Tomas Hertl 2 1 3 4 0 10 3 1 0 0 12/14 19:16 2:38 2:37
Vladislav Gavrikov 0 2 2 -1 0 0 2 4 0 2 0/0 23:15 0:00 3:17
Players Stats for Vancouver Canucks
Player Name G A P +/- PIM S H SB GA TA FO MP PP MP PK MP
------------------------------------------------------------------------------------
Adam Boqvist 0 0 0 0 0 2 1 2 0 0 0/0 17:03 3:14 2:32
Aleksander Barkov 0 0 0 1 0 1 3 0 1 2 12/30 22:33 3:42 2:18
Alex Formenton 0 2 2 1 0 1 2 0 0 0 1/3 16:45 2:15 3:03
Anton Lundell 0 1 1 -1 0 6 0 0 0 0 5/16 18:52 2:15 3:03
Artturi Lehkonen 0 1 1 -1 2 5 2 0 0 0 0/0 13:47 0:00 0:00
Casey Mittelstadt 0 0 0 -2 0 1 1 0 0 0 0/0 8:09 0:00 1:40
Clayton Keller 1 0 1 1 0 3 0 1 0 0 2/3 21:25 3:42 1:10
Jake Bean 0 0 0 -1 0 0 0 0 0 0 0/0 10:18 0:00 0:00
Jesperi Kotkaniemi 0 2 2 1 0 2 1 1 0 0 1/5 11:51 0:00 0:32
Kasperi Kapanen 2 0 2 1 0 3 2 0 2 0 0/0 13:42 2:15 0:00
Mikko Rantanen 0 0 0 0 0 3 4 0 3 0 0/1 20:22 3:42 0:00
Miro Heiskanen 0 0 0 -3 0 0 1 1 0 2 0/0 27:57 2:43 3:21
Nathan Smith 0 0 0 -2 0 1 1 0 0 0 0/5 6:29 0:00 0:00
Nikita Zadorov 0 1 1 3 0 4 3 0 1 0 0/0 22:49 2:43 2:32
Noah Hanifin 0 0 0 -2 2 0 0 2 0 1 0/0 19:27 0:00 0:00
Olli Maatta 0 0 0 2 0 1 1 1 0 1 0/0 22:26 3:14 3:21
Robby Fabbri 1 0 1 -1 2 6 0 0 1 0 3/4 13:40 0:00 0:00
Sam Lafferty 0 0 0 -2 0 0 1 2 0 1 0/0 6:29 0:00 0:00
3 Stars
1 - Johnny Gaudreau (TBL)
2 - Tomas Hertl (TBL)
3 - Kasperi Kapanen (VAN)
Power Play
Tampa Bay Lightning - 1 on 3 Attempt(s) - 33.33%
Vancouver Canucks - 0 on 3 Attempt(s) - 0.00%
Penalty Kill
Tampa Bay Lightning - 3 on 3 Attempt(s) - 100.00%
- Score 0 goal in Penalty Kill
Vancouver Canucks - 2 on 3 Attempt(s) - 66.67%
- Score 0 goal in Penalty Kill
Team Stat
Tampa Bay Lightning - Hits : 26 - Faceoff Wins : 43 - Blocked Shots : 12 - Penalty Minutes : 6
Vancouver Canucks - Hits : 23 - Faceoff Wins : 24 - Blocked Shots : 10 - Penalty Minutes : 6
Official
Referees : Brad Watson and Frederick L'Ecuyer
Linesman : Mark Shewchyk and Pierre Racicot
Game Notes
No Game Note
Finance
Level 1 -- Attendance: 4547 (75.78%) -- Ticket Income $450,153
Level 2 -- Attendance: 4110 (82.20%) -- Ticket Income $242,490
Level 3 -- Attendance: 2711 (90.37%) -- Ticket Income $92,174
Level 4 -- Attendance: 3482 (69.64%) -- Ticket Income $83,568
Luxury Box -- Attendance: 751 (75.10%) -- Ticket Income $149,449
Game was played at the American Airlines Center.
Total Attendance: 15601 (78.01%)
Total Ticket Income: $1,017,834
Other Income: $356,242
Total Income: $1,374,076
Tampa Bay Lightning
5 vs 5 Forward
Center Left Wing Right Wing Time % Phy DF OF
1 Anze Kopitar Gabriel Landeskog Kirill Kaprizov 35 1 2 2
2 Tomas Hertl Johnny Gaudreau Connor Brown 32 1 2 2
3 Roope Hintz Christian Dvorak Dylan Cozens 28 1 2 2
4 Lars Eller Alexander Kerfoot Ivan Barbashev 5 1 2 2
5 vs 5 Defense
Defense Defense Time % Phy DF OF
1 Darnell Nurse Vladislav Gavrikov 40 1 2 2
2 Moritz Seider Ryan Graves 35 1 2 2
3 Hampus Lindholm Josh Brown 25 1 2 2
4 Darnell Nurse Vladislav Gavrikov 0 1 2 2
PowerPlay Forward
Center Left Wing Right Wing Time % Phy DF OF
1 Tomas Hertl Johnny Gaudreau Kirill Kaprizov 60 1 2 2
2 Anze Kopitar Roope Hintz Gabriel Landeskog 40 1 2 2
PowerPlay Defense
Defense Defense Time % Phy DF OF
1 Moritz Seider Darnell Nurse 60 1 2 2
2 Hampus Lindholm Ryan Graves 40 1 2 2
Penalty Kill 4 Players Forward
Center Wing Time % Phy DF OF
1 Anze Kopitar Tomas Hertl 60 1 2 2
2 Christian Dvorak Connor Brown 40 1 2 2
Penalty Kill 4 Players Defense
Defense Defense Time % Phy DF OF
1 Josh Brown Vladislav Gavrikov 60 1 2 2
2 Ryan Graves Darnell Nurse 40 1 2 2
Penalty Kill - 3 Players Forward
Forward Time % Phy DF OF
1 Tomas Hertl 60 1 2 2
2 Anze Kopitar 40 1 2 2
Penalty Kill - 3 Players Defense
Defense Defense Time % Phy DF OF
1 Josh Brown Vladislav Gavrikov 60 1 2 2
2 Ryan Graves Darnell Nurse 40 1 2 2
4 vs 4 Forward
Center Wing Time % Phy DF OF
1 Anze Kopitar Gabriel Landeskog 60 1 2 2
2 Tomas Hertl Connor Brown 40 1 2 2
4 vs 4 Defense
Defense Defense Time % Phy DF OF
1 Darnell Nurse Vladislav Gavrikov 60 1 2 2
2 Moritz Seider Ryan Graves 40 1 2 2
Last Minutes Offensive
Center Left Wing Right Wing Defense Defense
Anze Kopitar Gabriel Landeskog Kirill Kaprizov Darnell Nurse Moritz Seider
Last Minutes Defensive
Center Left Wing Right Wing Defense Defense
Anze Kopitar Tomas Hertl Connor Brown Darnell Nurse Vladislav Gavrikov
Goaltenders
Starting : Darcy Kuemper
Backup : Jeremy Swayman
Extra Forwards
Normal : Kirill Kaprizov, Gabriel Landeskog, Dylan Cozens - PP : Dylan Cozens, Ivan Barbashev - PK : Lars Eller
Extra Defensemen
Normal : Moritz Seider, Darnell Nurse, Hampus Lindholm - PP : Vladislav Gavrikov - PK : Moritz Seider, Hampus Lindholm
Penalty Shots
Christian Dvorak, Anze Kopitar, Kirill Kaprizov, Johnny Gaudreau, Alexander Kerfoot
Vancouver Canucks
5 vs 5 Forward
Center Left Wing Right Wing Time % Phy DF OF
1 Aleksander Barkov Clayton Keller Mikko Rantanen 40 1 2 2
2 Anton Lundell Robby Fabbri Artturi Lehkonen 30 1 2 2
3 Jesperi Kotkaniemi Alex Formenton Kasperi Kapanen 20 1 2 2
4 Nathan Smith Casey Mittelstadt Sam Lafferty 10 1 2 2
5 vs 5 Defense
Defense Defense Time % Phy DF OF
1 Miro Heiskanen Noah Hanifin 40 1 2 2
2 Nikita Zadorov Olli Maatta 30 1 2 2
3 Adam Boqvist Jake Bean 20 1 2 2
4 Nikita Zadorov Miro Heiskanen 10 1 2 2
PowerPlay Forward
Center Left Wing Right Wing Time % Phy DF OF
1 Aleksander Barkov Clayton Keller Mikko Rantanen 60 1 2 2
2 Anton Lundell Kasperi Kapanen Alex Formenton 40 1 2 2
PowerPlay Defense
Defense Defense Time % Phy DF OF
1 Adam Boqvist Olli Maatta 60 1 2 2
2 Nikita Zadorov Miro Heiskanen 40 1 2 2
Penalty Kill 4 Players Forward
Center Wing Time % Phy DF OF
1 Anton Lundell Alex Formenton 60 1 2 2
2 Aleksander Barkov Clayton Keller 40 1 2 2
Penalty Kill 4 Players Defense
Defense Defense Time % Phy DF OF
1 Miro Heiskanen Olli Maatta 60 1 2 2
2 Adam Boqvist Nikita Zadorov 40 1 2 2
Penalty Kill - 3 Players Forward
Forward Time % Phy DF OF
1 Anton Lundell 60 1 2 2
2 Aleksander Barkov 40 1 2 2
Penalty Kill - 3 Players Defense
Defense Defense Time % Phy DF OF
1 Miro Heiskanen Nikita Zadorov 60 1 2 2
2 Noah Hanifin Olli Maatta 40 1 2 2
4 vs 4 Forward
Center Wing Time % Phy DF OF
1 Aleksander Barkov Mikko Rantanen 60 1 2 2
2 Anton Lundell Clayton Keller 40 1 2 2
4 vs 4 Defense
Defense Defense Time % Phy DF OF
1 Nikita Zadorov Noah Hanifin 60 1 2 2
2 Miro Heiskanen Olli Maatta 40 1 2 2
Last Minutes Offensive
Center Left Wing Right Wing Defense Defense
Aleksander Barkov Clayton Keller Mikko Rantanen Miro Heiskanen Noah Hanifin
Last Minutes Defensive
Center Left Wing Right Wing Defense Defense
Anton Lundell Alex Formenton Clayton Keller Miro Heiskanen Olli Maatta
Goaltenders
Starting : Joonas Korpisalo
Backup : Ville Husso
Extra Forwards
Normal : Aleksander Barkov, Mikko Rantanen, Clayton Keller - PP : Aleksander Barkov, Kasperi Kapanen - PK : Aleksander Barkov
Extra Defensemen
Normal : Nikita Zadorov, Olli Maatta, Miro Heiskanen - PP : Miro Heiskanen - PK : Nikita Zadorov, Miro Heiskanen
Penalty Shots
Aleksander Barkov, Mikko Rantanen, Anton Lundell, Clayton Keller, Miro Heiskanen
% Time on Ice - Tampa Bay Lightning
Lines # - Real PCT - Wanted PCT - Time Play
Normal Forward
1 - 34% - 35% - 16:12
2 - 29% - 32% - 14:00
3 - 26% - 28% - 12:39
4 - 11% - 5% - 5:19
Normal Defense
1 - 41% - 40% - 19:58
2 - 36% - 35% - 17:16
3 - 23% - 25% - 10:56
4 - 0% - 0% - 0:00
PP Forward
1 - 46% - 60% - 2:41
2 - 54% - 40% - 3:12
PP Defense
1 - 78% - 60% - 4:37
2 - 22% - 40% - 1:16
PK Forward
1 - 68% - 60% - 4:01
2 - 32% - 40% - 1:56
PK Defense
1 - 55% - 60% - 3:17
2 - 45% - 40% - 2:40
PK3 Forward
1 - 0% - 60%
2 - 0% - 40%
PK3 Defense
1 - 0% - 60%
2 - 0% - 40%
44 Forward
1 - 0% - 60%
2 - 0% - 40%
44 Defense
1 - 0% - 60%
2 - 0% - 40%
Last Minute Offensive - 0:00
Last Minute Defensive - 0:00
Total
Forward - 60:00
Defense - 60:00
|
% Time on Ice - Vancouver Canucks
Lines # - Real PCT - Wanted PCT - Time Play
Normal Forward
1 - 33% - 40% - 16:03
2 - 30% - 30% - 14:19
3 - 23% - 20% - 11:19
4 - 13% - 10% - 6:29
Normal Defense
1 - 42% - 40% - 20:18
2 - 31% - 30% - 15:08
3 - 21% - 20% - 10:18
4 - 5% - 10% - 2:26
PP Forward
1 - 62% - 60% - 3:42
2 - 38% - 40% - 2:15
PP Defense
1 - 54% - 60% - 3:14
2 - 46% - 40% - 2:43
PK Forward
1 - 80% - 60% - 4:43
2 - 20% - 40% - 1:10
PK Defense
1 - 57% - 60% - 3:21
2 - 43% - 40% - 2:32
PK3 Forward
1 - 0% - 60%
2 - 0% - 40%
PK3 Defense
1 - 0% - 60%
2 - 0% - 40%
44 Forward
1 - 0% - 60%
2 - 0% - 40%
44 Defense
1 - 0% - 60%
2 - 0% - 40%
Last Minute Offensive - 0:00
Last Minute Defensive - 0:00
Total
Forward - 60:00
Defense - 60:00
|
Play-by-Play
1st period
0:01 of 1st period - Anze Kopitar wins face-off versus Aleksander Barkov in neutral zone.
0:18 of 1st period - Clayton Keller is hit by Gabriel Landeskog and loses puck.
0:35 of 1st period - Snap shot by Kirill Kaprizov.
0:35 of 1st period - Deflect By Johnny Gaudreau.
0:35 of 1st period - Goal by Johnny Gaudreau - Tampa Bay Lightning : 1 - Vancouver Canucks : 0.
0:36 of 1st period - Roope Hintz wins face-off versus Alex Formenton in neutral zone.
0:47 of 1st period - Slapshot by Roope Hintz.
0:47 of 1st period - Stopped by Joonas Korpisalo with a rebound.
0:49 of 1st period - Slapshot by Josh Brown.
0:49 of 1st period - Deflect By Roope Hintz.
0:49 of 1st period - Deflect By Alex Formenton.
0:49 of 1st period - Stopped by Joonas Korpisalo with a rebound.
1:01 of 1st period - Tomas Hertl is hit by Olli Maatta and loses puck.
1:52 of 1st period - Josh Brown is hit by Sam Lafferty and loses puck.
2:06 of 1st period - Icing by Olli Maatta.
2:07 of 1st period - Jesperi Kotkaniemi wins face-off versus Roope Hintz in Vancouver Canucks zone.
2:07 of 1st period - Jesperi Kotkaniemi is hit by Moritz Seider.
2:43 of 1st period - Ryan Graves is hit by Mikko Rantanen and loses puck.
3:00 of 1st period - Snap shot by Nathan Smith.
3:00 of 1st period - Stopped by Darcy Kuemper with a rebound.
3:47 of 1st period - Snap shot by Johnny Gaudreau.
3:47 of 1st period - Shot Misses the Net.
3:53 of 1st period - Wrist shot by Tomas Hertl.
3:53 of 1st period - Shot Misses the Net.
3:55 of 1st period - Slapshot by Darnell Nurse.
3:55 of 1st period - Shot Blocked by Adam Boqvist.
3:57 of 1st period - Snap shot by Tomas Hertl.
3:57 of 1st period - Stopped by Joonas Korpisalo with a rebound.
4:06 of 1st period - Off-side.
4:07 of 1st period - Clayton Keller wins face-off versus Roope Hintz in neutral zone.
4:40 of 1st period - Slapshot by Tomas Hertl.
4:40 of 1st period - Shot Misses the Net.
4:57 of 1st period - Off-side.
4:58 of 1st period - Anze Kopitar wins face-off versus Nathan Smith in neutral zone.
5:01 of 1st period - Wrist shot by Gabriel Landeskog.
5:01 of 1st period - Stopped by Joonas Korpisalo without a rebound.
5:02 of 1st period - Aleksander Barkov wins face-off versus Anze Kopitar in Vancouver Canucks zone.
6:00 of 1st period - Slapshot by Jesperi Kotkaniemi.
6:00 of 1st period - Stopped by Darcy Kuemper with a rebound.
6:12 of 1st period - Snap shot by Aleksander Barkov.
6:12 of 1st period - Shot Blocked by Ryan Graves.
6:22 of 1st period - Wrist shot by Mikko Rantanen.
6:22 of 1st period - Shot Blocked by Ryan Graves.
6:30 of 1st period - Wrist shot by Lars Eller.
6:30 of 1st period - Stopped by Joonas Korpisalo without a rebound.
6:31 of 1st period - Tomas Hertl wins face-off versus Nathan Smith in Vancouver Canucks zone.
6:36 of 1st period - Wrist shot by Tomas Hertl.
6:36 of 1st period - Stopped by Joonas Korpisalo with a rebound.
6:38 of 1st period - Backhand shot by Tomas Hertl.
6:38 of 1st period - Stopped by Joonas Korpisalo with a rebound.
6:40 of 1st period - Slapshot by Vladislav Gavrikov.
6:40 of 1st period - Shot Misses the Net.
6:48 of 1st period - Wrist shot by Tomas Hertl.
6:48 of 1st period - Goal by Tomas Hertl - Tampa Bay Lightning : 2 - Vancouver Canucks : 0.
6:49 of 1st period - Anze Kopitar wins face-off versus Aleksander Barkov in neutral zone.
6:52 of 1st period - Miro Heiskanen is hit by Gabriel Landeskog.
6:55 of 1st period - Off-side.
6:56 of 1st period - Aleksander Barkov wins face-off versus Anze Kopitar in neutral zone.
7:18 of 1st period - Minor Penalty to Gabriel Landeskog for Tripping.
7:19 of 1st period - Aleksander Barkov wins face-off versus Anze Kopitar in Tampa Bay Lightning zone.
7:31 of 1st period - Wrist shot by Aleksander Barkov.
7:31 of 1st period - Shot Blocked by Vladislav Gavrikov.
7:33 of 1st period - Slapshot by Adam Boqvist.
7:33 of 1st period - Shot Misses the Net.
7:35 of 1st period - Slapshot by Olli Maatta.
7:35 of 1st period - Stopped by Darcy Kuemper with a rebound.
9:18 of 1st period - Penalty to Gabriel Landeskog is over, Gabriel Landeskog is back on ice.
9:58 of 1st period - Nathan Smith is hit by Christian Dvorak and loses puck.
10:14 of 1st period - Minor Penalty to Moritz Seider for Roughing.
10:15 of 1st period - Aleksander Barkov wins face-off versus Anze Kopitar in Tampa Bay Lightning zone.
10:16 of 1st period - Snap shot by Mikko Rantanen.
10:16 of 1st period - Stopped by Darcy Kuemper without a rebound.
10:17 of 1st period - Anze Kopitar wins face-off versus Aleksander Barkov in Tampa Bay Lightning zone.
10:38 of 1st period - Backhand shot by Alex Formenton.
10:38 of 1st period - Shot Misses the Net.
10:40 of 1st period - Wrist shot by Alex Formenton.
10:40 of 1st period - Deflect By Kasperi Kapanen.
10:40 of 1st period - Stopped by Darcy Kuemper with a rebound.
11:41 of 1st period - Ryan Graves is hit by Mikko Rantanen and loses puck.
12:06 of 1st period - Connor Brown is hit by Aleksander Barkov and loses puck.
12:13 of 1st period - Olli Maatta is hit by Josh Brown.
12:14 of 1st period - Penalty to Moritz Seider is over, Moritz Seider is back on ice.
12:42 of 1st period - Clayton Keller is hit by Moritz Seider and loses puck.
12:53 of 1st period - Snap shot by Connor Brown.
12:53 of 1st period - Shot Hit the Post.
12:55 of 1st period - Slapshot by Connor Brown.
12:55 of 1st period - Shot Hit the Post.
12:57 of 1st period - Slapshot by Darnell Nurse.
12:57 of 1st period - Stopped by Joonas Korpisalo without a rebound.
12:58 of 1st period - Robby Fabbri wins face-off versus Anze Kopitar in Vancouver Canucks zone.
13:35 of 1st period - Kasperi Kapanen is hit by Hampus Lindholm and loses puck.
13:48 of 1st period - Slapshot by Ivan Barbashev.
13:48 of 1st period - Stopped by Joonas Korpisalo without a rebound.
13:49 of 1st period - Tomas Hertl wins face-off versus Nathan Smith in Vancouver Canucks zone.
13:50 of 1st period - Wrist shot by Johnny Gaudreau.
13:50 of 1st period - Shot Blocked by Sam Lafferty.
13:56 of 1st period - Connor Brown is hit by Miro Heiskanen and loses puck.
14:53 of 1st period - Off-side.
14:54 of 1st period - Roope Hintz wins face-off versus Anton Lundell in neutral zone.
14:59 of 1st period - Snap shot by Robby Fabbri.
14:59 of 1st period - Stopped by Darcy Kuemper with a rebound.
15:04 of 1st period - Off-side.
15:05 of 1st period - Robby Fabbri wins face-off versus Roope Hintz in neutral zone.
15:14 of 1st period - Wrist shot by Robby Fabbri.
15:14 of 1st period - Deflect By Anton Lundell.
15:14 of 1st period - Stopped by Darcy Kuemper with a rebound.
15:16 of 1st period - Slapshot by Olli Maatta.
15:16 of 1st period - Shot Blocked by Vladislav Gavrikov.
15:18 of 1st period - Wrist shot by Anton Lundell.
15:18 of 1st period - Stopped by Darcy Kuemper with a rebound.
15:20 of 1st period - Snap shot by Artturi Lehkonen.
15:20 of 1st period - Stopped by Darcy Kuemper with a rebound.
15:30 of 1st period - Snap shot by Kasperi Kapanen.
15:30 of 1st period - Shot Misses the Net.
15:32 of 1st period - Wrist shot by Alex Formenton.
15:32 of 1st period - Stopped by Darcy Kuemper without a rebound.
15:33 of 1st period - Anze Kopitar wins face-off versus Alex Formenton in Tampa Bay Lightning zone.
15:33 of 1st period - Anze Kopitar is hit by Jesperi Kotkaniemi.
15:45 of 1st period - Wrist shot by Gabriel Landeskog.
15:45 of 1st period - Stopped by Joonas Korpisalo without a rebound.
15:46 of 1st period - Anze Kopitar wins face-off versus Aleksander Barkov in Vancouver Canucks zone.
15:47 of 1st period - Snap shot by Kirill Kaprizov.
15:47 of 1st period - Stopped by Joonas Korpisalo with a rebound.
15:49 of 1st period - Slapshot by Darnell Nurse.
15:49 of 1st period - Stopped by Joonas Korpisalo with a rebound.
16:39 of 1st period - Kasperi Kapanen is hit by Ryan Graves.
16:40 of 1st period - Icing by Kasperi Kapanen.
16:41 of 1st period - Anze Kopitar wins face-off versus Jesperi Kotkaniemi in Vancouver Canucks zone.
17:16 of 1st period - Snap shot by Alex Formenton.
17:16 of 1st period - Deflect By Kasperi Kapanen.
17:16 of 1st period - Goal by Kasperi Kapanen - Tampa Bay Lightning : 2 - Vancouver Canucks : 1.
17:17 of 1st period - Roope Hintz wins face-off versus Aleksander Barkov in neutral zone.
17:25 of 1st period - Icing by Aleksander Barkov.
17:26 of 1st period - Roope Hintz wins face-off versus Aleksander Barkov in Vancouver Canucks zone.
17:37 of 1st period - Backhand shot by Clayton Keller.
17:37 of 1st period - Shot Misses the Net.
17:42 of 1st period - Icing by Christian Dvorak.
17:43 of 1st period - Roope Hintz wins face-off versus Anton Lundell in Tampa Bay Lightning zone.
18:06 of 1st period - Snap shot by Roope Hintz.
18:06 of 1st period - Shot Misses the Net.
18:18 of 1st period - Snap shot by Christian Dvorak.
18:18 of 1st period - Shot Blocked by Noah Hanifin.
18:20 of 1st period - Wrist shot by Roope Hintz.
18:20 of 1st period - Stopped by Joonas Korpisalo with a rebound.
18:22 of 1st period - Slapshot by Christian Dvorak.
18:22 of 1st period - Stopped by Joonas Korpisalo without a rebound.
18:23 of 1st period - Anze Kopitar wins face-off versus Aleksander Barkov in Vancouver Canucks zone.
18:50 of 1st period - Adam Boqvist is hit by Tomas Hertl and loses puck.
18:59 of 1st period - Wrist shot by Tomas Hertl.
18:59 of 1st period - Stopped by Joonas Korpisalo without a rebound.
19:00 of 1st period - Aleksander Barkov wins face-off versus Johnny Gaudreau in Vancouver Canucks zone.
19:27 of 1st period - Nikita Zadorov is hit by Gabriel Landeskog and loses puck.
Goals for this period are 2 for Tampa Bay Lightning vs 1 for Vancouver Canucks.
Shots for this period are 17 for Tampa Bay Lightning vs 11 for Vancouver Canucks.
2nd period
0:01 of 2nd period - Aleksander Barkov wins face-off versus Tomas Hertl in neutral zone.
0:14 of 2nd period - Slapshot by Aleksander Barkov.
0:14 of 2nd period - Shot Blocked by Tomas Hertl.
0:16 of 2nd period - Snap shot by Clayton Keller.
0:16 of 2nd period - Stopped by Darcy Kuemper without a rebound.
0:17 of 2nd period - Anton Lundell wins face-off versus Anze Kopitar in Tampa Bay Lightning zone.
0:18 of 2nd period - Slapshot by Artturi Lehkonen.
0:18 of 2nd period - Stopped by Darcy Kuemper with a rebound.
0:22 of 2nd period - Snap shot by Anton Lundell.
0:22 of 2nd period - Shot Misses the Net.
0:24 of 2nd period - Slapshot by Anton Lundell.
0:24 of 2nd period - Stopped by Darcy Kuemper with a rebound.
0:28 of 2nd period - Wrist shot by Artturi Lehkonen.
0:28 of 2nd period - Shot Misses the Net.
1:26 of 2nd period - Wrist shot by Artturi Lehkonen.
1:26 of 2nd period - Shot Misses the Net.
1:28 of 2nd period - Slapshot by Nikita Zadorov.
1:28 of 2nd period - Stopped by Darcy Kuemper with a rebound.
1:30 of 2nd period - Slapshot by Nikita Zadorov.
1:30 of 2nd period - Stopped by Darcy Kuemper with a rebound.
1:32 of 2nd period - Slapshot by Nikita Zadorov.
1:32 of 2nd period - Deflect By Hampus Lindholm.
1:32 of 2nd period - Stopped by Darcy Kuemper without a rebound.
1:33 of 2nd period - Anze Kopitar wins face-off versus Anton Lundell in Tampa Bay Lightning zone.
1:56 of 2nd period - Minor Penalty to Robby Fabbri for Hooking.
1:57 of 2nd period - Tomas Hertl wins face-off versus Anton Lundell in Vancouver Canucks zone.
2:02 of 2nd period - Snap shot by Johnny Gaudreau.
2:02 of 2nd period - Shot Misses the Net.
3:17 of 2nd period - Wrist shot by Gabriel Landeskog.
3:17 of 2nd period - Stopped by Joonas Korpisalo with a rebound.
3:49 of 2nd period - Slapshot by Anze Kopitar.
3:49 of 2nd period - Shot Misses the Net.
3:51 of 2nd period - Snap shot by Roope Hintz.
3:51 of 2nd period - Goal by Roope Hintz - Tampa Bay Lightning : 3 - Vancouver Canucks : 1.
3:52 of 2nd period - Tomas Hertl wins face-off versus Mikko Rantanen in neutral zone.
3:59 of 2nd period - Wrist shot by Tomas Hertl.
3:59 of 2nd period - Shot Misses the Net.
4:01 of 2nd period - Slapshot by Josh Brown.
4:01 of 2nd period - Stopped by Joonas Korpisalo with a rebound.
4:03 of 2nd period - Slapshot by Hampus Lindholm.
4:03 of 2nd period - Stopped by Joonas Korpisalo with a rebound.
4:05 of 2nd period - Slapshot by Tomas Hertl.
4:05 of 2nd period - Stopped by Joonas Korpisalo with a rebound.
4:07 of 2nd period - Snap shot by Tomas Hertl.
4:07 of 2nd period - Stopped by Joonas Korpisalo with a rebound.
4:09 of 2nd period - Wrist shot by Tomas Hertl.
4:09 of 2nd period - Stopped by Joonas Korpisalo without a rebound.
4:10 of 2nd period - Anton Lundell wins face-off versus Lars Eller in Vancouver Canucks zone.
4:36 of 2nd period - Mikko Rantanen is hit by Connor Brown.
4:56 of 2nd period - Noah Hanifin is hit by Tomas Hertl and loses puck.
5:02 of 2nd period - Off-side.
5:03 of 2nd period - Aleksander Barkov wins face-off versus Roope Hintz in neutral zone.
5:16 of 2nd period - Slapshot by Clayton Keller.
5:16 of 2nd period - Stopped by Darcy Kuemper without a rebound.
5:17 of 2nd period - Anze Kopitar wins face-off versus Aleksander Barkov in Tampa Bay Lightning zone.
5:36 of 2nd period - Clayton Keller is hit by Gabriel Landeskog and loses puck.
6:13 of 2nd period - Alex Formenton is hit by Connor Brown and loses puck.
6:18 of 2nd period - Snap shot by Tomas Hertl.
6:18 of 2nd period - Goal by Tomas Hertl - Tampa Bay Lightning : 4 - Vancouver Canucks : 1.
6:19 of 2nd period - Anze Kopitar wins face-off versus Aleksander Barkov in neutral zone.
6:43 of 2nd period - Icing by Noah Hanifin.
6:44 of 2nd period - Anton Lundell wins face-off versus Roope Hintz in Vancouver Canucks zone.
6:51 of 2nd period - Slapshot by Miro Heiskanen.
6:51 of 2nd period - Deflect By Anton Lundell.
6:51 of 2nd period - Shot Blocked by Moritz Seider.
6:51 of 2nd period - Puck is out of play.
6:52 of 2nd period - Kirill Kaprizov wins face-off versus Clayton Keller in Tampa Bay Lightning zone.
7:19 of 2nd period - Moritz Seider is hit by Artturi Lehkonen and loses puck.
7:26 of 2nd period - Wrist shot by Anton Lundell.
7:26 of 2nd period - Stopped by Darcy Kuemper with a rebound.
7:46 of 2nd period - Snap shot by Dylan Cozens.
7:46 of 2nd period - Deflect By Christian Dvorak.
7:46 of 2nd period - Shot Blocked by Jesperi Kotkaniemi.
7:46 of 2nd period - Puck is out of play.
7:47 of 2nd period - Anze Kopitar wins face-off versus Aleksander Barkov in Vancouver Canucks zone.
7:48 of 2nd period - Snap shot by Kirill Kaprizov.
7:48 of 2nd period - Stopped by Joonas Korpisalo with a rebound.
8:37 of 2nd period - Snap shot by Casey Mittelstadt.
8:37 of 2nd period - Shot Misses the Net.
9:29 of 2nd period - Slapshot by Mikko Rantanen.
9:29 of 2nd period - Stopped by Darcy Kuemper without a rebound.
9:30 of 2nd period - Tomas Hertl wins face-off versus Aleksander Barkov in Tampa Bay Lightning zone.
10:04 of 2nd period - Wrist shot by Robby Fabbri.
10:04 of 2nd period - Stopped by Darcy Kuemper without a rebound.
10:05 of 2nd period - Anton Lundell wins face-off versus Anze Kopitar in Tampa Bay Lightning zone.
10:14 of 2nd period - Jake Bean is hit by Darnell Nurse and loses puck.
10:55 of 2nd period - Snap shot by Tomas Hertl.
10:55 of 2nd period - Shot Blocked by Noah Hanifin.
10:57 of 2nd period - Slapshot by Darnell Nurse.
10:57 of 2nd period - Stopped by Joonas Korpisalo without a rebound.
10:58 of 2nd period - Tomas Hertl wins face-off versus Anton Lundell in Vancouver Canucks zone.
10:59 of 2nd period - Wrist shot by Johnny Gaudreau.
10:59 of 2nd period - Stopped by Joonas Korpisalo with a rebound.
12:03 of 2nd period - Wrist shot by Tomas Hertl.
12:03 of 2nd period - Shot Misses the Net.
12:05 of 2nd period - Wrist shot by Johnny Gaudreau.
12:05 of 2nd period - Goal by Johnny Gaudreau - Tampa Bay Lightning : 5 - Vancouver Canucks : 1.
12:06 of 2nd period - Anze Kopitar wins face-off versus Aleksander Barkov in neutral zone.
12:47 of 2nd period - Minor Penalty to Josh Brown for Roughing.
12:48 of 2nd period - Aleksander Barkov wins face-off versus Anze Kopitar in Tampa Bay Lightning zone.
13:14 of 2nd period - Vladislav Gavrikov is hit by Alex Formenton.
13:18 of 2nd period - Anze Kopitar is hit by Kasperi Kapanen and loses puck.
13:45 of 2nd period - Connor Brown is hit by Aleksander Barkov and loses puck.
14:31 of 2nd period - Snap shot by Anton Lundell.
14:31 of 2nd period - Shot Misses the Net.
14:33 of 2nd period - Wrist shot by Anton Lundell.
14:33 of 2nd period - Stopped by Darcy Kuemper with a rebound.
14:35 of 2nd period - Slapshot by Adam Boqvist.
14:35 of 2nd period - Shot Blocked by Christian Dvorak.
14:37 of 2nd period - Wrist shot by Anton Lundell.
14:37 of 2nd period - Stopped by Darcy Kuemper without a rebound.
14:38 of 2nd period - Anton Lundell wins face-off versus Anze Kopitar in Tampa Bay Lightning zone.
14:47 of 2nd period - Penalty to Josh Brown is over, Josh Brown is back on ice.
15:03 of 2nd period - Ryan Graves is hit by Nathan Smith and loses puck.
15:12 of 2nd period - Wrist shot by Christian Dvorak.
15:12 of 2nd period - Shot Blocked by Olli Maatta.
15:14 of 2nd period - Slapshot by Hampus Lindholm.
15:14 of 2nd period - Shot Blocked by Sam Lafferty.
15:51 of 2nd period - Minor Penalty to Noah Hanifin for Holding Stick.
15:52 of 2nd period - Tomas Hertl wins face-off versus Anton Lundell in Vancouver Canucks zone.
16:53 of 2nd period - Adam Boqvist is hit by Moritz Seider and loses puck.
17:00 of 2nd period - Moritz Seider is hit by Nikita Zadorov and loses puck.
17:11 of 2nd period - Snap shot by Gabriel Landeskog.
17:11 of 2nd period - Deflect By Roope Hintz.
17:11 of 2nd period - Shot Blocked by Miro Heiskanen.
17:11 of 2nd period - Puck is out of play.
17:12 of 2nd period - Anze Kopitar wins face-off versus Aleksander Barkov in Vancouver Canucks zone.
17:51 of 2nd period - Penalty to Noah Hanifin is over, Noah Hanifin is back on ice.
17:51 of 2nd period - Wrist shot by Clayton Keller.
17:51 of 2nd period - Goal by Clayton Keller - Tampa Bay Lightning : 5 - Vancouver Canucks : 2.
17:52 of 2nd period - Aleksander Barkov wins face-off versus Alexander Kerfoot in neutral zone.
18:07 of 2nd period - Snap shot by Clayton Keller.
18:07 of 2nd period - Shot Misses the Net.
18:09 of 2nd period - Slapshot by Nikita Zadorov.
18:09 of 2nd period - Stopped by Darcy Kuemper without a rebound.
18:10 of 2nd period - Anze Kopitar wins face-off versus Robby Fabbri in Tampa Bay Lightning zone.
18:19 of 2nd period - Wrist shot by Robby Fabbri.
18:19 of 2nd period - Stopped by Darcy Kuemper without a rebound.
18:20 of 2nd period - Anze Kopitar wins face-off versus Anton Lundell in Tampa Bay Lightning zone.
18:25 of 2nd period - Wrist shot by Gabriel Landeskog.
18:25 of 2nd period - Stopped by Joonas Korpisalo with a rebound.
18:46 of 2nd period - Wrist shot by Artturi Lehkonen.
18:46 of 2nd period - Shot Blocked by Kirill Kaprizov.
18:48 of 2nd period - Slapshot by Adam Boqvist.
18:48 of 2nd period - Stopped by Darcy Kuemper with a rebound.
19:04 of 2nd period - Snap shot by Robby Fabbri.
19:04 of 2nd period - Stopped by Darcy Kuemper with a rebound.
19:06 of 2nd period - Snap shot by Robby Fabbri.
19:06 of 2nd period - Goal by Robby Fabbri - Tampa Bay Lightning : 5 - Vancouver Canucks : 3.
19:07 of 2nd period - Aleksander Barkov wins face-off versus Roope Hintz in neutral zone.
19:32 of 2nd period - Slapshot by Connor Brown.
19:32 of 2nd period - Shot Misses the Net.
19:34 of 2nd period - Wrist shot by Johnny Gaudreau.
19:34 of 2nd period - Stopped by Joonas Korpisalo without a rebound.
19:35 of 2nd period - Alex Formenton wins face-off versus Anze Kopitar in Vancouver Canucks zone.
Goals for this period are 3 for Tampa Bay Lightning vs 2 for Vancouver Canucks.
Shots for this period are 14 for Tampa Bay Lightning vs 18 for Vancouver Canucks.
3rd period
0:01 of 3rd period - Aleksander Barkov wins face-off versus Roope Hintz in neutral zone.
0:06 of 3rd period - Mikko Rantanen is hit by Christian Dvorak and loses puck.
0:35 of 3rd period - Snap shot by Artturi Lehkonen.
0:35 of 3rd period - Stopped by Darcy Kuemper with a rebound.
0:49 of 3rd period - Snap shot by Gabriel Landeskog.
0:49 of 3rd period - Shot Hit the Post.
1:07 of 3rd period - Moritz Seider is hit by Casey Mittelstadt and loses puck.
1:16 of 3rd period - Backhand shot by Nathan Smith.
1:16 of 3rd period - Shot Blocked by Ryan Graves.
1:42 of 3rd period - Darnell Nurse is hit by Adam Boqvist and loses puck.
2:01 of 3rd period - Wrist shot by Alex Formenton.
2:01 of 3rd period - Shot Blocked by Dylan Cozens.
3:17 of 3rd period - Adam Boqvist is hit by Ivan Barbashev and loses puck.
3:41 of 3rd period - Artturi Lehkonen is hit by Johnny Gaudreau.
4:04 of 3rd period - Nathan Smith is hit by Moritz Seider and loses puck.
4:23 of 3rd period - Josh Brown is hit by Mikko Rantanen and loses puck.
4:40 of 3rd period - Alex Formenton is hit by Anze Kopitar and loses puck.
4:59 of 3rd period - Wrist shot by Anton Lundell.
4:59 of 3rd period - Shot Misses the Net.
5:37 of 3rd period - Wrist shot by Kirill Kaprizov.
5:37 of 3rd period - Shot Misses the Net.
5:39 of 3rd period - Wrist shot by Moritz Seider.
5:39 of 3rd period - Shot Blocked by Clayton Keller.
5:53 of 3rd period - Johnny Gaudreau is hit by Nikita Zadorov and loses puck.
6:03 of 3rd period - Icing by Nikita Zadorov.
6:04 of 3rd period - Roope Hintz wins face-off versus Anton Lundell in Vancouver Canucks zone.
6:27 of 3rd period - Minor Penalty to Artturi Lehkonen for Tripping.
6:28 of 3rd period - Tomas Hertl wins face-off versus Anton Lundell in Vancouver Canucks zone.
8:27 of 3rd period - Penalty to Artturi Lehkonen is over, Artturi Lehkonen is back on ice.
8:33 of 3rd period - Snap shot by Aleksander Barkov.
8:33 of 3rd period - Stopped by Darcy Kuemper without a rebound.
8:34 of 3rd period - Dylan Cozens wins face-off versus Aleksander Barkov in Tampa Bay Lightning zone.
8:34 of 3rd period - Dylan Cozens is hit by Aleksander Barkov.
8:52 of 3rd period - Wrist shot by Ivan Barbashev.
8:52 of 3rd period - Stopped by Joonas Korpisalo without a rebound.
8:53 of 3rd period - Robby Fabbri wins face-off versus Kirill Kaprizov in Vancouver Canucks zone.
9:08 of 3rd period - Slapshot by Artturi Lehkonen.
9:08 of 3rd period - Shot Misses the Net.
10:10 of 3rd period - Snap shot by Robby Fabbri.
10:10 of 3rd period - Stopped by Darcy Kuemper with a rebound.
10:26 of 3rd period - Snap shot by Gabriel Landeskog.
10:26 of 3rd period - Deflect By Nikita Zadorov.
10:26 of 3rd period - Shot Misses the Net.
10:26 of 3rd period - Puck is out of play.
10:27 of 3rd period - Anze Kopitar wins face-off versus Jesperi Kotkaniemi in Vancouver Canucks zone.
10:34 of 3rd period - Kirill Kaprizov is hit by Kasperi Kapanen and loses puck.
11:20 of 3rd period - Off-side.
11:21 of 3rd period - Clayton Keller wins face-off versus Tomas Hertl in neutral zone.
11:55 of 3rd period - Wrist shot by Artturi Lehkonen.
11:55 of 3rd period - Stopped by Darcy Kuemper with a rebound.
11:57 of 3rd period - Slapshot by Adam Boqvist.
11:57 of 3rd period - Stopped by Darcy Kuemper with a rebound.
11:59 of 3rd period - Slapshot by Artturi Lehkonen.
11:59 of 3rd period - Shot Misses the Net.
12:01 of 3rd period - Snap shot by Anton Lundell.
12:01 of 3rd period - Deflect By Robby Fabbri.
12:01 of 3rd period - Shot Misses the Net.
12:01 of 3rd period - Puck is out of play.
12:02 of 3rd period - Roope Hintz wins face-off versus Nathan Smith in Tampa Bay Lightning zone.
12:56 of 3rd period - Off-side.
12:57 of 3rd period - Roope Hintz wins face-off versus Jesperi Kotkaniemi in neutral zone.
13:09 of 3rd period - Snap shot by Kasperi Kapanen.
13:09 of 3rd period - Goal by Kasperi Kapanen - Tampa Bay Lightning : 5 - Vancouver Canucks : 4.
13:10 of 3rd period - Tomas Hertl wins face-off versus Aleksander Barkov in neutral zone.
13:10 of 3rd period - Tomas Hertl is hit by Mikko Rantanen.
13:13 of 3rd period - Darnell Nurse is hit by Nikita Zadorov and loses puck.
13:26 of 3rd period - Wrist shot by Mikko Rantanen.
13:26 of 3rd period - Stopped by Darcy Kuemper without a rebound.
13:27 of 3rd period - Christian Dvorak wins face-off versus Anton Lundell in Tampa Bay Lightning zone.
13:34 of 3rd period - Slapshot by Anton Lundell.
13:34 of 3rd period - Shot Blocked by Vladislav Gavrikov.
14:20 of 3rd period - Olli Maatta is hit by Gabriel Landeskog and loses puck.
14:48 of 3rd period - Icing by Nathan Smith.
14:49 of 3rd period - Tomas Hertl wins face-off versus Nathan Smith in Vancouver Canucks zone.
14:58 of 3rd period - Snap shot by Casey Mittelstadt.
14:58 of 3rd period - Stopped by Darcy Kuemper without a rebound.
14:59 of 3rd period - Tomas Hertl wins face-off versus Aleksander Barkov in Tampa Bay Lightning zone.
15:18 of 3rd period - Wrist shot by Tomas Hertl.
15:18 of 3rd period - Stopped by Joonas Korpisalo with a rebound.
15:52 of 3rd period - Miro Heiskanen is hit by Moritz Seider and loses puck.
15:56 of 3rd period - Icing by Miro Heiskanen.
15:57 of 3rd period - Roope Hintz wins face-off versus Anton Lundell in Vancouver Canucks zone.
15:58 of 3rd period - Snap shot by Dylan Cozens.
15:58 of 3rd period - Stopped by Joonas Korpisalo with a rebound.
16:02 of 3rd period - Wrist shot by Christian Dvorak.
16:02 of 3rd period - Stopped by Joonas Korpisalo with a rebound.
16:04 of 3rd period - Slapshot by Vladislav Gavrikov.
16:04 of 3rd period - Shot Blocked by Adam Boqvist.
16:06 of 3rd period - Wrist shot by Christian Dvorak.
16:06 of 3rd period - Goal by Christian Dvorak - Tampa Bay Lightning : 6 - Vancouver Canucks : 4.
16:07 of 3rd period - Aleksander Barkov wins face-off versus Dylan Cozens in neutral zone.
16:14 of 3rd period - Wrist shot by Clayton Keller.
16:14 of 3rd period - Shot Blocked by Vladislav Gavrikov.
16:16 of 3rd period - Slapshot by Mikko Rantanen.
16:16 of 3rd period - Shot Misses the Net.
16:45 of 3rd period - Off-side.
16:46 of 3rd period - Tomas Hertl wins face-off versus Aleksander Barkov in neutral zone.
17:15 of 3rd period - Dylan Cozens is hit by Alex Formenton and loses puck.
17:20 of 3rd period - Wrist shot by Jesperi Kotkaniemi.
17:20 of 3rd period - Stopped by Darcy Kuemper without a rebound.
17:21 of 3rd period - Roope Hintz wins face-off versus Jesperi Kotkaniemi in Tampa Bay Lightning zone.
17:46 of 3rd period - Anze Kopitar is hit by Artturi Lehkonen and loses puck.
17:53 of 3rd period - Wrist shot by Artturi Lehkonen.
17:53 of 3rd period - Stopped by Darcy Kuemper without a rebound.
17:54 of 3rd period - Anze Kopitar wins face-off versus Aleksander Barkov in Tampa Bay Lightning zone.
18:21 of 3rd period - Alex Formenton is hit by Vladislav Gavrikov and loses puck.
18:50 of 3rd period - Artturi Lehkonen is hit by Tomas Hertl and loses puck.
19:31 of 3rd period - Snap shot by Dylan Cozens.
19:31 of 3rd period - Stopped by Joonas Korpisalo with a rebound.
19:53 of 3rd period - Noah Hanifin is hit by Vladislav Gavrikov and loses puck.
Goals for this period are 1 for Tampa Bay Lightning vs 1 for Vancouver Canucks.
Shots for this period are 6 for Tampa Bay Lightning vs 10 for Vancouver Canucks.
Back to the Top